 Dungeon Crawl Stone Soup version 0.18-a0-1243-g9e52518 (webtiles) character file.

1096 namelastname112 the Cudgeler (level 8, -3/67 HPs)
             Began as a White Draconian Gladiator on Feb 5, 2016.
             Slain by a gargoyle
             ... wielding a +0 flail
              (13 damage)
             ... on level 7 of the Dungeon.
             The game lasted 00:11:15 (6449 turns).

namelastname112 the Cudgeler (DrGl)                 Turns: 6449, Time: 00:11:15

Health: -3/67      AC:  9    Str: 17    XL:     8   Next: 10%
Magic:  8/8        EV: 13    Int:  9    God:
Gold:   215        SH:  3    Dex: 14    Spells: 0 memorised, 7 levels left

rFire  . . .     SeeInvis .     a - +0 flail
rCold  + . .     Gourm    .     (armour unavailable)
rNeg   . . .     Faith    .     n - +0 buckler
rPois  .         Spirit   .     b - +0 hat
rElec  .         Dismiss  .     f - +1 cloak
rCorr  .         Reflect  .     c - +0 pair of gloves
SustAt .         Harm     .     (no boots)
MR     .....                    (no amulet)
Stlth  +.........               (no ring)
                                (no ring)

@: short of breath, not resistant to hostile enchantments, very unstealthy
A: breathe frost, unfitting armour, cold resistance 1, cold-blooded, AC +6
a: Breathe Frost


You were on level 7 of the Dungeon.
You were not hungry.

You visited 1 branch of the dungeon, and saw 6 of its levels.

You collected 215 gold pieces.

Inventory:

Hand Weapons
 a - a +0 flail (weapon)
Armour
 b - a +0 hat (worn)
 c - a +0 pair of gloves (worn)
 f - a +1 cloak (worn)
 n - a +0 buckler (worn)
 r - a +0 shield
Wands
 j - a wand of confusion (17/48)
 x - a wand of random effects (26/48)
Scrolls
 i - 4 scrolls of teleportation
 k - a scroll of immolation
 l - 2 scrolls of magic mapping
 t - a scroll of identify
 v - a scroll of enchant weapon {unknown}
 y - a scroll of recharging
Potions
 e - 3 potions of curing
 h - 2 potions of might
 m - a potion of brilliance
 p - a potion of resistance
 s - a potion of cure mutation
 u - a potion of berserk rage
 z - a potion of ambrosia {unknown}
Books
 o - a book of Alchemy

   Spells                             Type                      Level
   a - Sublimation of Blood           Necromancy                   2
   b - Ignite Poison                  Fire/Transmutation/Poison    3
   c - Condensation Shield            Ice                          4
   d - Petrify                        Transmutation/Earth          4
   e - Alistair's Intoxication        Transmutation/Poison         5
   f - Irradiate                      Conjuration/Transmutation    5
Comestibles
 d - 4 bread rations
 g - a meat ration


   Skills:
 + Level 4.9 Fighting
 * Level 6.8 Maces & Flails
 + Level 4.2 Throwing
 + Level 4.5 Dodging


You had 7 spell levels left.
You didn't know any spells.

Dungeon Overview and Level Annotations

Branches:
Dungeon (5/15)
 Temple: D:4-7

Altars:
Cheibriados
Dithmenos
Ru
Sif Muna
Trog
Vehumet
Xom

Annotations:
D:3 Natasha, Sigmund


Innate Abilities, Weirdness & Mutations

You can breathe waves of freezing cold.
You can buffet flying creatures when you breathe cold.
Your icy white scales are hard (AC +6).
Your body does not fit into most forms of armour.
Your flesh is cold resistant.
You are cold-blooded and may be slowed by cold attacks.


Message History

Evoking this partially-identified wand wasted a few charges.
The gargoyle barely misses you.
Evoke which item? (* to show all) (? for menu, Esc to quit)
You don't have any such object.
Evoke which item? (* to show all) (? for menu, Esc to quit)
You don't have any such object.
Evoke which item? (* to show all) (? for menu, Esc to quit)
Okay, then.
Evoke which item? (* to show all) (? for menu, Esc to quit)
Zapping:
j - a wand of confusion {zapped: 3} (will waste charges)
Press: ? - help, Shift-Dir - straight line, f/p - gargoyle
Aim: a gargoyle, wielding a flail (severely damaged, chance to defeat MR: 28%)
The gargoyle appears confused.
Evoking this partially-identified wand wasted a few charges.
The gargoyle misses you.
You hit the gargoyle but do no damage.
You tail-slap the gargoyle, but do no damage.
The gargoyle is severely damaged.
The gargoyle hits you with a flail!
You die...

..# ..#
#.# #.#
#.# #.#
#.###.#
#.....#
#@#.###
#9#.#
#(# #
#(# #.#
#(# #..
###


You could see a gargoyle (confused).

Vanquished Creatures
  Grinder (D:5)
  Duvessa (D:4)
  A sky beast (D:5)
  An ogre (D:4)
  2 centaurs (D:5)
  Dowan (D:4)
  A scorpion (D:5)
  A hound (D:5)
  Natasha (twice) (D:3)
  A worker ant (D:5)
  A worker ant zombie (D:5)
  Robin (D:2)
  7 adders
  A shadow imp (D:5)
  3 oozes
  An adder skeleton (D:4)
  4 worms
  5 giant geckos
  A ball python (D:1)
  9 bats
  6 giant cockroaches
  18 goblins
  7 hobgoblins
  11 jackals
  7 kobolds
  4 quokkas
  A giant cockroach zombie (D:5)
  A giant gecko skeleton (D:4)
  A giant gecko zombie (D:5)
  4 giant newts
  A jackal skeleton (D:5)
  4 rats
110 creatures vanquished.

Vanquished Creatures (others)
  An ogre (D:4)
1 creature vanquished.

Grand Total: 111 creatures vanquished

Notes
Turn   | Place    | Note
--------------------------------------------------------------
     0 | D:1      | namelastname112 the Draconian Gladiator began the quest for the Orb.
     0 | D:1      | Reached XP level 1. HP: 17/17 MP: 1/1
    43 | D:1      | Reached XP level 2. HP: 19/24 MP: 2/2
   325 | D:1      | Reached XP level 3. HP: 30/30 MP: 3/3
  1047 | D:2      | Reached XP level 4. HP: 37/37 MP: 4/4
  1059 | D:2      | Reached skill level 4 in Maces & Flails
  1345 | D:2      | Noticed Robin
  1658 | D:2      | Killed Robin
  2140 | D:3      | Found a bloodstained altar of Trog.
  2166 | D:3      | Reached XP level 5. HP: 22/45 MP: 5/5
  2431 | D:3      | Noticed Sigmund
  2517 | D:3      | Found a radiant altar of Vehumet.
  2518 | D:3      | Found a shimmering altar of Xom.
  2796 | D:3      | Noticed Natasha
  2813 | D:3      | Killed Natasha
  3080 | D:3      | Noticed Natasha
  3143 | D:3      | Killed Natasha
  3618 | D:4      | Noticed Duvessa
  3622 | D:4      | Noticed Dowan
  3913 | D:3      | Noticed Natasha
  4101 | D:4      | Noticed an ogre
  4114 | D:5      | Entered Level 5 of the Dungeon
  4119 | D:5      | Noticed Grinder
  4208 | D:4      | Found a snail-covered altar of Cheibriados.
  4462 | D:5      | Found a sacrificial altar of Ru.
  4495 | D:5      | Noticed a sky beast
  4532 | D:5      | Found a deep blue altar of Sif Muna.
  5038 | D:5      | Found a shadowy altar of Dithmenos.
  5111 | D:5      | Noticed a centaur
  5139 | D:5      | Killed a centaur
  5139 | D:5      | Reached skill level 5 in Maces & Flails
  5139 | D:5      | Reached XP level 6. HP: 36/51 MP: 6/6
  5146 | D:5      | Paralysed by Grinder for 3 turns
  5160 | D:5      | Paralysed by Grinder for 5 turns
  5184 | D:5      | Killed Grinder
  5184 | D:5      | Reached XP level 7. HP: 24/59 MP: 7/7
  5184 | D:5      | Your scales start taking on an icy white colour.
  5184 | D:5      | Gained mutation: Your flesh is cold resistant. [White Draconian growth]
  5478 | D:5      | Reached skill level 6 in Maces & Flails
  5976 | D:4      | Killed Duvessa
  5976 | D:4      | Reached XP level 8. HP: 42/67 MP: 8/8
  5996 | D:4      | Killed Dowan
  6435 | D:4      | You fall through a shaft for 3 floors!
  6435 | D:7      | Noticed a gargoyle
  6449 | D:7      | Slain by a gargoyle

Vault maps used:
D:1:      erik_arrival_gehennom, minmay_misc_feat_tiny
D:2:      item_on_display_a, uniq_robin
D:3:      grunt_temple_overflow_open, minmay_misc_feat_secret_circle,
          uniq_natasha, uniq_sigmund
D:4:      old_standard_altar, uniq_duvessa
D:5:      lemuel_doored_altar, kennysheep_little_box, marbit_many_paths,
          first_bread, kennysheep_small_square, uniq_grinder
D:7:      serial_shops, shop, tgw_trog

Action                   |  1- 3 |  4- 6 |  7- 9 || total
-------------------------+-------+-------+-------++-------
Melee: Flail             |   131 |    76 |   102 ||   309
       Dagger            |       |   247 |       ||   247
       Unarmed           |       |    19 |       ||    19
Throw: Javelin           |       |    33 |     8 ||    41
       Throwing net      |       |    11 |     1 ||    12
 Abil: Breathe Frost     |       |       |     3 ||     3
Evoke: Wand              |       |       |     3 ||     3
  Use: Scroll            |       |    12 |     1 ||    13
       Potion            |       |     3 |       ||     3
 Stab: Sleeping          |     2 |     1 |       ||     3
       Held in net/web   |       |     5 |       ||     5
  Eat: Chunk             |       |     9 |       ||     9
       Meat ration       |       |     1 |     1 ||     2
